Workbook
Name TABLE_1: #REF!
Name TABLE_1: #REF!
Name TABLE_1: #REF!

Sheet Orçamento Sintético
A3: ESTADO DO PARÁ
A4: PREFEITURA MUNICIPAL DE TUCURUÍ
A5: SECRETARIA MUNICIPAL DE OBRAS, SERVIÇOS URBANOS E HABITAÇÃO
A7: PLANILHA DE QUANTITATIVOS E PREÇOS
A9: EVENTUAL E FUTURA CONTRATAÇÃO DE EMPRESA PARA EXECUÇÃO DE SERVIÇOS DE ENGENHARIA DE NATUREZA FREQUENTE, INCLUSO MATERIAL E MÃO-DE-OBRA, RELATIVOS À MANUTENÇÃO PREVENTIVA OU CORRETIVA, CONSERVAÇÃO E PEQUENOS REPAROS, EM PRÉDIOS E ESPAÇOS PÚBLICOS DO PODER EXECUTIVO DO MUNICÍPIO DE TUCURUÍ-PA - LOTE 01 ( SECRETARIA DE EDUCAÇÃO)
A12: Sinapi Janeiro/2021 e Sedop SETEMBRO/2020
A13: ENCARGOS SOCIAIS DESONERADOS: 89,42%(HORA) 49,63%(MÊS)
A14: Item | B14: Descrição | C14: Und | D14: Quant. | E14: Valor Unit | F14: Valor Unit com BDI | G14: Total
A15: 1 | H15: 1.2882
A16: 1.1 | B16: BARRACAO DE MADEIRA/ALMOXARIFADO | C16: m² | D16: =20*4 -> 80 | E16: =[1]GONÇALVES!G14 -> 246.34 | F16: =E16*$H$15 -> 317.34 | G16: =D16*F16 -> 25387.2
A17: 1.2 | B17: CAPINA E LIMPEZA MANUAL DE TERRENO | C17: m² | D17: 2000 | E17: =[1]GONÇALVES!G15 -> 1.19 | F17: =E17*$H$15 -> 1.53 | G17: =D17*F17 -> 3060
A18: 1.5 | B18: LOCACAO CONVENCIONAL DE OBRA, UTILIZANDO GABARITO DE TÁBUAS CORRIDAS PONTALETADAS A CADA 2,00M - 2 UTILIZAÇÕES. AF_10/2018 | C18: M | D18: 1000 | E18: =[1]GONÇALVES!G16 -> 41.96 | F18: =E18*$H$15 -> 54.05 | G18: =D18*F18 -> 54050
A19: 1.6 | B19: PLACA DE OBRA EM LONA COM PLOTAGEM DE GRAFICA | C19: m² | D19: =2.5*1.5*15 -> 56.25 | E19: =[1]GONÇALVES!G17 -> 161.09 | F19: =E19*$H$15 -> 207.52 | G19: =D19*F19 -> 11673
A20: 1.7 | B20: TAPUME COM TELHA METÁLICA. AF_05/2018 | C20: m² | D20: 1500 | E20: =[1]GONÇALVES!G18 -> 95.1 | F20: =E20*$H$15 -> 122.51 | G20: =D20*F20 -> 183765
A21: Total item 1 | G21: =SUM(G16:G20) -> 277935.2
A22: 2
A23: 2.1 | B23: APICOAMENTO MANUAL DE SUPERFICIE DE CONCRETO | C23: m² | D23: 2000 | E23: =[1]GONÇALVES!G21 -> 5.98 | F23: =E23*$H$15 -> 7.7 | G23: =D23*F23 -> 15400
A24: 2.2 | B24: DEMOLIGAO DA ESTRUTURA EM MADEIRA DA COBERTURA | C24: m² | D24: 4000 | E24: =[1]GONÇALVES!G22 -> 5.97 | F24: =E24*$H$15 -> 7.69 | G24: =D24*F24 -> 30760
A25: 2.3 | B25: DEMOLIÇÃO DE ALVENARIA DE BLOCO FURADO, DE FORMA MANUAL, SEM REAPROVEITAMENTO. AF_12/2017 | C25: m³ | D25: 150 | E25: =[1]GONÇALVES!G23 -> 38.85 | F25: =E25*$H$15 -> 50.05 | G25: =D25*F25 -> 7507.5
A26: 2.4 | B26: DEMOLIÇÃO DE ARGAMASSAS, DE FORMA MANUAL, SEM REAPROVEITAMENTO. AF_12/2017 | C26: m² | D26: 2000 | E26: =[1]GONÇALVES!G24 -> 2.27 | F26: =E26*$H$15 -> 2.92 | G26: =D26*F26 -> 5840
A27: 2.5 | B27: DEMOLIÇÃO DE PILARES E VIGAS EM CONCRETO ARMADO, DE FORMA MANUAL, SEM REAPROVEITAMENTO. AF_12/2017 | C27: m³ | D27: 30 | E27: =[1]GONÇALVES!G25 -> 412.31 | F27: =E27*$H$15 -> 531.14 | G27: =D27*F27 -> 15934.2
A28: 2.6 | B28: DEMOLIÇÃO DE REVESTIMENTO CERÂMICO, DE FORMA MANUAL, SEM REAPROVEITAMENTO. AF_12/2017 | C28: m² | D28: 1500 | E28: =[1]GONÇALVES!G26 -> 15.82 | F28: =E28*$H$15 -> 20.38 | G28: =D28*F28 -> 30570
A29: 2.7 | B29: DEMOLIÇÃO DE RODAPÉ CERÂMICO, DE FORMA MANUAL, SEM REAPROVEITAMENTO. AF_12/2017 | C29: M | D29: 1000 | E29: =[1]GONÇALVES!G27 -> 1.81 | F29: =E29*$H$15 -> 2.33 | G29: =D29*F29 -> 2330
A30: 2.8 | B30: RECOLOCACAO DE TELHAS CERAMICAS TIPO FRANCESA, CONSIDERANDO REAPROVEITAMENTO DE MATERIAL | C30: m² | D30: =D24 -> 4000 | E30: =[1]GONÇALVES!G28 -> 10.67 | F30: =E30*$H$15 -> 13.75 | G30: =D30*F30 -> 55000
A31: 2.9 | B31: REMOÇÃO DE JANELAS, DE FORMA MANUAL, SEM REAPROVEITAMENTO. AF_12/2017 | C31: m² | D31: 300 | E31: =[1]GONÇALVES!G29 -> 21.9 | F31: =E31*$H$15 -> 28.21 | G31: =D31*F31 -> 8463
A32: 2.10 | B32: REMOÇÃO DE PORTAS, DE FORMA MANUAL, SEM REAPROVEITAMENTO. AF_12/2017 | C32: m² | D32: 500 | E32: =[1]GONÇALVES!G30 -> 6.29 | F32: =E32*$H$15 -> 8.1 | G32: =D32*F32 -> 4050
A33: 2.11 | B33: REMOÇÃO DE TELHAS, DE FIBROCIMENTO, METÁLICA E CERÂMICA, DE FORMA MANUAL, SEM REAPROVEITAMENTO. AF_12/2017 | C33: m² | D33: 3000 | E33: =[1]GONÇALVES!G31 -> 2.36 | F33: =E33*$H$15 -> 3.04 | G33: =D33*F33 -> 9120
A34: 2.12 | B34: RETIRADA DE PINTURA (C/ ESCOVA DE AGO) | C34: m² | D34: 15000 | E34: =[1]GONÇALVES!G32 -> 4.51 | F34: =E34*$H$15 -> 5.81 | G34: =D34*F34 -> 87150
A35: 2.13 | B35: RETIRADA DE ENTULHO - MANUALMENTE (INCLUINDO CAIXA COLETORA) | C35: m³ | D35: 150 | E35: =[1]GONÇALVES!G33 -> 89.65 | F35: =E35*$H$15 -> 115.49 | G35: =D35*F35 -> 17323.5
A36: 2.14 | B36: RETIRADA DE ENTULHO C/ EQUIPAMENTO DISTANCIA ATE 5K | C36: m³ | D36: 800 | E36: =[1]GONÇALVES!G34 -> 22.18 | F36: =E36*$H$15 -> 28.57 | G36: =D36*F36 -> 22856
A37: 2.15 | B37: RETIRADA DE FORRO EM PVC, INCL. BARROTEAMENTO | C37: m² | D37: 2000 | E37: =[1]GONÇALVES!G35 -> 4.99 | F37: =E37*$H$15 -> 6.43 | G37: =D37*F37 -> 12860
A38: 2.16 | B38: RETIRADA DE LOUGA SANITARIA | C38: UN | D38: 80 | E38: =[1]GONÇALVES!G36 -> 33.39 | F38: =E38*$H$15 -> 43.01 | G38: =D38*F38 -> 3440.8
A39: 2.17 | B39: RETIRADA DE LUMINARIAS | C39: UN | D39: 450 | E39: =[1]GONÇALVES!G37 -> 13.48 | F39: =E39*$H$15 -> 17.36 | G39: =D39*F39 -> 7812
A40: 2.18 | B40: RETIRADA DE PISO CERAMICO, INCLUSIVE CAMADA REGULARIZADORA | C40: m² | D40: 4000 | E40: =[1]GONÇALVES!G38 -> 6.7 | F40: =E40*$H$15 -> 8.63 | G40: =D40*F40 -> 34520
A41: 2.19 | B41: RETIRADA DE SOLEIRA E PEITORIL | C41: m² | D41: 250 | E41: =[1]GONÇALVES!G39 -> 14.85 | F41: =E41*$H$15 -> 19.13 | G41: =D41*F41 -> 4782.5
A42: 2.20 | B42: RETIRADA DE TELHAS DE BARRO | C42: m² | D42: 3000 | E42: =[1]GONÇALVES!G40 -> 8.39 | F42: =E42*$H$15 -> 10.81 | G42: =D42*F42 -> 32430
... A44: 2.22 | B44: REVISAO DE PONTO DE ESGOTO | C44: Pt | D44: 600 | E44: =[1]GONÇALVES!G42 -> 121.65 | F44: =E44*$H$15 -> 156.71 | G44: =D44*F44 -> 94026
A45: Total item 2 | G45: =SUM(G23:G44) -> 584105.5
A46: 3
A47: 3.1 | B47: ESCAVAÇÃO MANUAL DE VALA COM PROFUNDIDADE MENOR OU IGUAL A 1,30 M. AF_03/2016 | C47: m³ | D47: 150 | E47: =[1]GONÇALVES!G45 -> 59.08 | F47: =E47*$H$15 -> 76.11 | G47: =D47*F47 -> 11416.5
A48: 3.2 | B48: PREPARO DE FUNDO DE VALA COM LARGURA MENOR QUE 1,5 M, EM LOCAL COM NÍVEL BAIXO DE INTERFERÊNCIA. AF_06/2016 | C48: m² | D48: 1000 | E48: =[1]GONÇALVES!G46 -> 4.37 | F48: =E48*$H$15 -> 5.63 | G48: =D48*F48 -> 5630
A49: 3.3 | B49: CONCRETO C/ SEIXO FCK= 15 MPA (INCL. PREPARO E LANGAMENTO) | C49: m³ | D49: 50 | E49: =[1]GONÇALVES!G47 -> 630.72 | F49: =E49*$H$15 -> 812.49 | G49: =D49*F49 -> 40624.5
A50: 3.4 | B50: CONCRETO ARMADO FCK=25MPA COM FORMA APARENTE - 1 REAPROVEITAMENTO | C50: m³ | D50: 150 | E50: =[1]GONÇALVES!G48 -> 2522.86 | F50: =E50*$H$15 -> 3249.95 | G50: =D50*F50 -> 487492.5
A51: 3.5 | B51: DESFORMA | C51: m² | D51: 1000 | E51: =[1]GONÇALVES!G49 -> 4.46 | F51: =E51*$H$15 -> 5.75 | G51: =D51*F51 -> 5750
A52: 3.6 | B52: REATERRO MANUAL APILOADO COM SOQUETE. AF_10/2017 | C52: m³ | D52: 100 | E52: =[1]GONÇALVES!G50 -> 35.88 | F52: =E52*$H$15 -> 46.22 | G52: =D52*F52 -> 4622
A53: Total item 3 | G53: =SUM(G47:G52) -> 555535.5
A54: 4
A55: 4.1 | B55: CONCRETO C/ SEIXO FCK= 15 MPA (INCL. PREPARO E LANGAMENTO) | C55: m³ | D55: 300 | E55: =[1]GONÇALVES!G53 -> 630.72 | F55: =E55*$H$15 -> 812.49 | G55: =D55*F55 -> 243747
A56: 4.2 | B56: DESFORMA | C56: m² | D56: 1000 | E56: =[1]GONÇALVES!G54 -> 4.46 | F56: =E56*$H$15 -> 5.75 | G56: =D56*F56 -> 5750
A57: 4.3 | B57: LAJE PRE-MOLDADA TRELIGADA (INCL. CAPIAMENTO) | C57: m² | D57: 1000 | E57: =[1]GONÇALVES!G55 -> 131.5 | F57: =E57*$H$15 -> 169.4 | G57: =D57*F57 -> 169400
A58: Total item 4 | G58: =SUM(G55:G57) -> 418897
A59: 5
A60: 5.1 | B60: ALVENARIA DE VEDAÇÃO DE BLOCOS CERÂMICOS FURADOS NA HORIZONTAL DE 9X19X19CM (ESPESSURA 9CM) DE PAREDES COM ÁREA LÍQUIDA MAIOR OU IGUAL A 6M² SEM VÃOS E ARGAMASSA DE ASSENTAMENTO COM PREPARO EM BETONEIRA. AF_06/2014 | C60: m² | D60: 2500 | E60: =[1]GONÇALVES!G58 -> 61.83 | F60: =E60*$H$15 -> 79.65 | G60: =D60*F60 -> 199125
A61: 5.2 | B61: ALVENARIA TIJOLO DE BARRO A SINGELO | C61: m² | D61: 100 | E61: =[1]GONÇALVES!G59 -> 79.95 | F61: =E61*$H$15 -> 102.99 | G61: =D61*F61 -> 10299
A62: 5.3 | B62: DIVISORIA EM GESSO ACARTONADO E= 9CM | C62: m² | D62: 600 | E62: =[1]GONÇALVES!G60 -> 94.29 | F62: =E62*$H$15 -> 121.46 | G62: =D62*F62 -> 72876
A63: 5.4 | B63: DIVISORIA NAVAL PERFIL EM AGO/MIOLO CELULAR | C63: m² | D63: 1000 | E63: =[1]GONÇALVES!G61 -> 98.87 | F63: =E63*$H$15 -> 127.36 | G63: =D63*F63 -> 127360
A64: 5.5 | B64: FORNECIMENTO DE MATERIAIS E MÃO-DE-OBRA PARA EXECUÇÃO DE SERVIÇOS DE INSTALAÇÃO DE DIVISÓRIAS EM GRANITO VERDE UBATUBA, INCL. FERRAGENS DE FIXAÇÃO | C64: m² | D64: 100 | E64: =[1]GONÇALVES!G62 -> 542.25 | F64: =E64*$H$15 -> 698.53 | G64: =D64*F64 -> 69853
A65: 5.6 | B65: PAINEL FIXO EM VIDRO TEMPERADO DE 10MM | C65: m² | D65: 80 | E65: =[1]GONÇALVES!G63 -> 508.89 | F65: =E65*$H$15 -> 655.55 | G65: =D65*F65 -> 52444
A66: 5.7 | B66: RECOMPOSIGAO DE ALVENARIA - INSTALAGAO DE PONTOS | C66: m² | D66: 60 | E66: =[1]GONÇALVES!G64 -> 45.54 | F66: =E66*$H$15 -> 58.66 | G66: =D66*F66 -> 3519.6
A67: 5.8 | B67: FORNECIMENTO DE MATERIAIS E MÃO-DE-OBRA PARA EXECUÇÃO DE SERVIÇOS DE INSTALAÇÃO DE DIVISÓRIA EM BLOCOS DE GESSO | C67: m² | D67: 600 | E67: =[1]GONÇALVES!G65 -> 66.91 | F67: =E67*$H$15 -> 86.19 | G67: =D67*F67 -> 51714
A68: Total item 5 | G68: =SUM(G60:G67) -> 587190.6
A69: 6
A70: 6.1 | B70: CALHA EM CHAPA DE AÇO GALVANIZADO NÚMERO 24, DESENVOLVIMENTO DE 50 CM, INCLUSO TRANSPORTE VERTICAL. AF_07/2019 | C70: M | D70: 1000 | E70: =[1]GONÇALVES!G68 -> 54.7 | F70: =E70*$H$15 -> 70.46 | G70: =D70*F70 -> 70460
A71: 6.2 | B71: CONCRETO ARMADO P/ RUFOS | C71: m³ | D71: 60 | E71: =[1]GONÇALVES!G69 -> 1920.44 | F71: =E71*$H$15 -> 2473.91 | G71: =D71*F71 -> 148434.6
A72: 6.3 | B72: CUMEEIRA E ESPIGÃO PARA TELHA CERÂMICA EMBOÇADA COM ARGAMASSA TRAÇO 1:2:9 (CIMENTO, CAL E AREIA), PARA TELHADOS COM MAIS DE 2 ÁGUAS, INCLUSO TRANSPORTE VERTICAL. AF_07/2019 | C72: M | D72: 1500 | E72: =[1]GONÇALVES!G70 -> 24.23 | F72: =E72*$H$15 -> 31.21 | G72: =D72*F72 -> 46815
A73: 6.4 | B73: CUMEEIRA PARA TELHA DE FIBROCIMENTO ONDULADA E = 6 MM, INCLUSO ACESSÓRIOS DE FIXAÇÃO E IÇAMENTO. AF_07/2019 | C73: M | D73: 1000 | E73: =[1]GONÇALVES!G71 -> 65.18 | F73: =E73*$H$15 -> 83.96 | G73: =D73*F73 -> 83960
A74: 6.5 | B74: TELHAMENTO COM TELHA CERÂMICA CAPA-CANAL, TIPO COLONIAL, COM ATÉ 2 ÁGUAS, INCLUSO TRANSPORTE VERTICAL. AF_07/2019 | C74: m² | D74: 4000 | E74: =[1]GONÇALVES!G72 -> 33.34 | F74: =E74*$H$15 -> 42.95 | G74: =D74*F74 -> 171800
A75: 6.6 | B75: TELHAMENTO COM TELHA ONDULADA DE FIBROCIMENTO E = 6 MM, COM RECOBRIMENTO LATERAL DE 1/4 DE ONDA PARA TELHADO COM INCLINAÇÃO MAIOR QUE 10°, COM ATÉ 2 ÁGUAS, INCLUSO IÇAMENTO. AF_07/2019 | C75: m² | D75: 4000 | E75: =[1]GONÇALVES!G73 -> 48.62 | F75: =E75*$H$15 -> 62.63 | G75: =D75*F75 -> 250520
A76: 6.7 | B76: TELHAMENTO COM TELHA DE AÇO/ALUMÍNIO E = 0,5 MM, COM ATÉ 2 ÁGUAS, INCLUSO IÇAMENTO. AF_07/2019 | C76: m² | D76: 600 | E76: =[1]GONÇALVES!G74 -> 81.03 | F76: =E76*$H$15 -> 104.38 | G76: =D76*F76 -> 62628
A77: 6.8 | B77: TESOURA EM MAD. DE LEI P/ VAO DE 8.0M | C77: UN | D77: 20 | E77: =[1]GONÇALVES!G75 -> 1685.48 | F77: =E77*$H$15 -> 2171.24 | G77: =D77*F77 -> 43424.8
A78: 6.9 | B78: TRAMA DE MADEIRA COMPOSTA POR RIPAS, CAIBROS E TERÇAS PARA TELHADOS DE ATÉ 2 ÁGUAS PARA TELHA CERÂMICA CAPA-CANAL, INCLUSO TRANSPORTE VERTICAL. AF_07/2019 | C78: m² | D78: 2500 | E78: =[1]GONÇALVES!G76 -> 58.37 | F78: =E78*$H$15 -> 75.19 | G78: =D78*F78 -> 187975
A79: 6.10 | B79: TRAMA DE MADEIRA COMPOSTA POR TERÇAS PARA TELHADOS DE ATÉ 2 ÁGUAS PARA TELHA ONDULADA DE FIBROCIMENTO, METÁLICA, PLÁSTICA OU TERMOACÚSTICA, INCLUSO TRANSPORTE VERTICAL. AF_07/2019 | C79: m² | D79: 2500 | E79: =[1]GONÇALVES!G77 -> 17.17 | F79: =E79*$H$15 -> 22.12 | G79: =D79*F79 -> 55300
A80: Total item 6 | G80: =SUM(G70:G79) -> 1121317.4
A81: 7
A82: 7.1 | B82: BARROTEAMENTO EM MADEIRA DE LEI P/ FORRO PVC | C82: m² | D82: 3000 | E82: =[1]GONÇALVES!G80 -> 46.97 | F82: =E82*$H$15 -> 60.51 | G82: =D82*F82 -> 181530
A83: 7.2 | B83: FORRO EM LAMBRI DE PVC | C83: m² | D83: 3000 | E83: =[1]GONÇALVES!G81 -> 26.49 | F83: =E83*$H$15 -> 34.12 | G83: =D83*F83 -> 102360
A84: 7.3 | B84: FORRO EM PLACAS DE GESSO, PARA AMBIENTES RESIDENCIAIS. AF_05/2017_P | C84: m² | D84: 1000 | E84: =[1]GONÇALVES!G82 -> 30.36 | F84: =E84*$H$15 -> 39.11 | G84: =D84*F84 -> 39110
A85: Total item 7 | G85: =SUM(G82:G84) -> 323000
A86: 8
A87: 8.1 | B87: KIT DE PORTA DE MADEIRA PARA PINTURA, SEMI-OCA (LEVE OU MÉDIA), PADRÃO MÉDIO, 80X210CM, ESPESSURA DE 3,5CM, ITENS INCLUSOS: DOBRADIÇAS, MONTAGEM E INSTALAÇÃO DO BATENTE, FECHADURA COM EXECUÇÃO DO FURO - FORNECIMENTO E INSTALAÇÃO. AF_12/2019 | C87: UN | D87: 150 | E87: =[1]GONÇALVES!G85 -> 677.77 | F87: =E87*$H$15 -> 873.1 | G87: =D87*F87 -> 130965
A88: 8.2 | B88: KIT DE PORTA DE MADEIRA PARA PINTURA, SEMI-OCA (LEVE OU MÉDIA), PADRÃO MÉDIO, 70X210CM, ESPESSURA DE 3,5CM, ITENS INCLUSOS: DOBRADIÇAS, MONTAGEM E INSTALAÇÃO DO BATENTE, FECHADURA COM EXECUÇÃO DO FURO - FORNECIMENTO E INSTALAÇÃO. AF_12/2019 | C88: UN | D88: 150 | E88: =[1]GONÇALVES!G86 -> 643.5 | F88: =E88*$H$15 -> 828.96 | G88: =D88*F88 -> 124344
A89: 8.3 | B89: KIT DE PORTA DE MADEIRA PARA PINTURA, SEMI-OCA (LEVE OU MÉDIA), PADRÃO MÉDIO, 60X210CM, ESPESSURA DE 3,5CM, ITENS INCLUSOS: DOBRADIÇAS, MONTAGEM E INSTALAÇÃO DO BATENTE, FECHADURA COM EXECUÇÃO DO FURO - FORNECIMENTO E INSTALAÇÃO. AF_12/2019 | C89: UN | D89: 150 | E89: =[1]GONÇALVES!G87 -> 637.5 | F89: =E89*$H$15 -> 821.23 | G89: =D89*F89 -> 123184.5
A90: 8.4 | B90: ALIZAR / GUARNIÇÃO DE 5X1,5CM PARA PORTA DE 60X210CM FIXADO COM PREGOS, PADRÃO MÉDIO - FORNECIMENTO E INSTALAÇÃO. AF_08/2015 | C90: UN | D90: 80 | E90: =[1]GONÇALVES!G88 -> 23.31 | F90: =E90*$H$15 -> 30.03 | G90: =D90*F90 -> 2402.4
A91: 8.5 | B91: ALIZAR / GUARNIÇÃO DE 5X1,5CM PARA PORTA DE 70X210CM FIXADO COM PREGOS, PADRÃO MÉDIO - FORNECIMENTO E INSTALAÇÃO. AF_08/2015 | C91: UN | D91: 80 | E91: =[1]GONÇALVES!G89 -> 24.6 | F91: =E91*$H$15 -> 31.69 | G91: =D91*F91 -> 2535.2
A92: 8.6 | B92: ALIZAR / GUARNIÇÃO DE 5X1,5CM PARA PORTA DE 80X210CM FIXADO COM PREGOS, PADRÃO MÉDIO - FORNECIMENTO E INSTALAÇÃO. AF_08/2015 | C92: UN | D92: 80 | E92: =[1]GONÇALVES!G90 -> 25.87 | F92: =E92*$H$15 -> 33.33 | G92: =D92*F92 -> 2666.4
A93: 8.7 | B93: PORTA EM ALUMÍNIO DE ABRIR TIPO VENEZIANA COM GUARNIÇÃO, FIXAÇÃO COM PARAFUSOS - FORNECIMENTO E INSTALAÇÃO. AF_12/2019 | C93: m² | D93: 150 | E93: =[1]GONÇALVES!G91 -> 349.68 | F93: =E93*$H$15 -> 450.46 | G93: =D93*F93 -> 67569
A94: 8.8 | B94: PORTA EM MDF REVESTIDA COM LAMINADO, COM CAIXILHO,ALIZAR E FERRAGENS DE 0,8X2,10M | C94: UN | D94: 80 | E94: =[1]GONÇALVES!G92 -> 783.88 | F94: =E94*$H$15 -> 1009.79 | G94: =D94*F94 -> 80783.2
A95: 8.10 | B95: JANELA DE ALUMÍNIO DE CORRER, 2 FOLHAS, FIXAÇÃO COM ARGAMASSA, COM VIDROS, PADRONIZADA. AF_07/2016 | C95: m² | D95: =2*1.1*50 -> 110 | E95: =[1]GONÇALVES!G93 -> 256.56 | F95: =E95*$H$15 -> 330.5 | G95: =D95*F95 -> 36355
A96: 8.11 | B96: GRADIL EM FERRO FIXADO EM VÃOS DE JANELAS, FORMADO POR BARRAS CHATAS DE 25X4,8 MM. AF_04/2019 | C96: m² | D96: 250 | E96: =[1]GONÇALVES!G94 -> 417.9 | F96: =E96*$H$15 -> 538.34 | G96: =D96*F96 -> 134585
A97: 8.12 | B97: FORNECIMENTO DE MATERIAIS E MÃO-DE-OBRA PARA EXECUÇÃO DE SERVIÇOS PARA GRADE DE FERRO EM METALOM (INCL. PINT.ANTI-CORROSIVA) | C97: m² | D97: 300 | E97: =[1]GONÇALVES!G95 -> 391.24 | F97: =E97*$H$15 -> 504 | G97: =D97*F97 -> 151200
A98: 8.13 | B98: JANELA DE ALUMÍNIO TIPO MAXIM-AR, COM VIDROS, BATENTE E FERRAGENS. EXCLUSIVE ALIZAR, ACABAMENTO E CONTRAMARCO. FORNECIMENTO E INSTALAÇÃO. AF_12/2019 | C98: m² | D98: =2*1.1*80 -> 176 | E98: =[1]GONÇALVES!G96 -> 406.89 | F98: =E98*$H$15 -> 524.16 | G98: =D98*F98 -> 92252.16
A99: 8.14 | B99: JANELA DE ALUMÍNIO DE CORRER, 4 FOLHAS, FIXAÇÃO COM ARGAMASSA, COM VIDROS, PADRONIZADA. AF_07/2016 | C99: m² | D99: =2*1.1*50 -> 110 | E99: =[1]GONÇALVES!G97 -> 299.69 | F99: =E99*$H$15 -> 386.06 | G99: =D99*F99 -> 42466.6
A100: 8.15 | B100: FECHADURA DE EMBUTIR COM CILINDRO, EXTERNA, COMPLETA, ACABAMENTO PADRÃO POPULAR, INCLUSO EXECUÇÃO DE FURO - FORNECIMENTO E INSTALAÇÃO. AF_12/2019 | C100: UN | D100: 150 | E100: =[1]GONÇALVES!G98 -> 71.18 | F100: =E100*$H$15 -> 91.69 | G100: =D100*F100 -> 13753.5
A101: 8.16 | B101: DOBRADIÇA EM AÇO/FERRO, 3" X 21/2", E=1,9 A 2MM, SEN ANEL, CROMADO OU ZINCADO, TAMPA BOLA, COM PARAFUSOS. AF_12/2019 | C101: UN | D101: 120 | E101: =[1]GONÇALVES!G99 -> 37.32 | F101: =E101*$H$15 -> 48.08 | G101: =D101*F101 -> 5769.6
A102: Total item 8 | G102: =SUM(G87:G101) -> 1010831.6
A103: 9
A104: 9.1 | B104: CABO DE COBRE FLEXÍVEL ISOLADO, 2,5 MM², ANTI-CHAMA 450/750 V, PARA CIRCUITOS TERMINAIS - FORNECIMENTO E INSTALAÇÃO. AF_12/2015 | C104: M | D104: 12000 | E104: =[1]GONÇALVES!G102 -> 2.63 | F104: =E104*$H$15 -> 3.39 | G104: =D104*F104 -> 40680
A105: 9.2 | B105: CABO DE COBRE FLEXÍVEL ISOLADO, 4 MM², ANTI-CHAMA 450/750 V, PARA CIRCUITOS TERMINAIS - FORNECIMENTO E INSTALAÇÃO. AF_12/2015 | C105: M | D105: 4000 | E105: =[1]GONÇALVES!G103 -> 4.26 | F105: =E105*$H$15 -> 5.49 | G105: =D105*F105 -> 21960
A106: 9.3 | B106: CABO DE COBRE FLEXÍVEL ISOLADO, 10 MM², ANTI-CHAMA 0,6/1,0 KV, PARA CIRCUITOS TERMINAIS - FORNECIMENTO E INSTALAÇÃO. AF_12/2015 | C106: M | D106: 1000 | E106: =[1]GONÇALVES!G104 -> 10.18 | F106: =E106*$H$15 -> 13.11 | G106: =D106*F106 -> 13110
A107: 9.4 | B107: CABO DE COBRE FLEXÍVEL ISOLADO, 16 MM², ANTI-CHAMA 0,6/1,0 KV, PARA CIRCUITOS TERMINAIS - FORNECIMENTO E INSTALAÇÃO. AF_12/2015 | C107: M | D107: 600 | E107: =[1]GONÇALVES!G105 -> 15.33 | F107: =E107*$H$15 -> 19.75 | G107: =D107*F107 -> 11850
...

Sheet Orçamento PARA 2ª CONTRATAÇÃO
A3: ESTADO DO PARÁ
A4: PREFEITURA MUNICIPAL DE TUCURUÍ
A5: SECRETARIA MUNICIPAL DE OBRAS, SERVIÇOS URBANOS E HABITAÇÃO
A7: PLANILHA DE QUANTITATIVOS E PREÇOS
A9: EVENTUAL E FUTURA CONTRATAÇÃO DE EMPRESA PARA EXECUÇÃO DE SERVIÇOS DE ENGENHARIA DE NATUREZA FREQUENTE, INCLUSO MATERIAL E MÃO-DE-OBRA, RELATIVOS À MANUTENÇÃO PREVENTIVA OU CORRETIVA, CONSERVAÇÃO E PEQUENOS REPAROS, EM PRÉDIOS E ESPAÇOS PÚBLICOS DO PODER EXECUTIVO DO MUNICÍPIO DE TUCURUÍ-PA - LOTE 01 ( SECRETARIA DE EDUCAÇÃO)
A12: Sinapi Janeiro/2021 e Sedop SETEMBRO/2020
A13: ENCARGOS SOCIAIS DESONERADOS: 89,42%(HORA) 49,63%(MÊS)
A14: Item | B14: Descrição | C14: Und | D14: Quant. | E14: Quant. | F14: Valor Unit | G14: Valor Unit com BDI | H14: Total
A15: 1 | B15: SERVIÇOS PRELIMINARES | I15: 1.2882
A16: 1.1 | B16: BARRACAO DE MADEIRA/ALMOXARIFADO | C16: m² | D16: =20*4 -> 80 | E16: 40 | F16: 246.34 | G16: =F16*$I$15 -> 317.34 | H16: =E16*G16 -> 12693.6 | I16: =D16/2 -> 40 | K16: =H16/$H$21 -> 0.0911
A17: 1.2 | B17: CAPINA E LIMPEZA MANUAL DE TERRENO | C17: m² | D17: 2000 | E17: 1000 | F17: 1.19 | G17: =F17*$I$15 -> 1.53 | H17: =E17*G17 -> 1530 | I17: =D17/2 -> 1000 | K17: =H17/$H$21 -> 0.011
A18: 1.5 | B18: LOCACAO CONVENCIONAL DE OBRA, UTILIZANDO GABARITO DE TÁBUAS CORRIDAS PONTALETADAS A CADA 2,00M - 2 UTILIZAÇÕES. AF_10/2018 | C18: M | D18: 1000 | E18: 500 | F18: 41.96 | G18: =F18*$I$15 -> 54.05 | H18: =E18*G18 -> 27025 | I18: =D18/2 -> 500 | K18: =H18/$H$21 -> 0.1939
A19: 1.6 | B19: PLACA DE OBRA EM LONA COM PLOTAGEM DE GRAFICA | C19: m² | D19: =2.5*1.5*15 -> 56.25 | E19: 30 | F19: 161.09 | G19: =F19*$I$15 -> 207.52 | H19: =E19*G19 -> 6225.6 | I19: =D19/2 -> 28.13 | J19: =(2*3)*5 -> 30 | K19: =H19/$H$21 -> 0.0447
A20: 1.7 | B20: TAPUME COM TELHA METÁLICA. AF_05/2018 | C20: m² | D20: 1500 | E20: 750 | F20: 95.1 | G20: =F20*$I$15 -> 122.51 | H20: =E20*G20 -> 91882.5 | I20: =D20/2 -> 750 | K20: =H20/$H$21 -> 0.6593 | L20: =K20/2 -> 0.3297
A21: Total item 1 | H21: =SUM(H16:H20) -> 139356.7
A22: 2 | B22: DEMOLIÇÕES, RETIRADAS E REVISÕES
A23: 2.1 | B23: APICOAMENTO MANUAL DE SUPERFICIE DE CONCRETO | C23: m² | D23: 2000 | E23: 1000 | F23: 5.98 | G23: =F23*$I$15 -> 7.7 | H23: =E23*G23 -> 7700 | I23: =D23/2 -> 1000
A24: 2.2 | B24: DEMOLIGAO DA ESTRUTURA EM MADEIRA DA COBERTURA | C24: m² | D24: 4000 | E24: 2000 | F24: 5.97 | G24: =F24*$I$15 -> 7.69 | H24: =E24*G24 -> 15380 | I24: =D24/2 -> 2000
A25: 2.3 | B25: DEMOLIÇÃO DE ALVENARIA DE BLOCO FURADO, DE FORMA MANUAL, SEM REAPROVEITAMENTO. AF_12/2017 | C25: m³ | D25: 150 | E25: 75 | F25: 38.85 | G25: =F25*$I$15 -> 50.05 | H25: =E25*G25 -> 3753.75 | I25: =D25/2 -> 75
A26: 2.4 | B26: DEMOLIÇÃO DE ARGAMASSAS, DE FORMA MANUAL, SEM REAPROVEITAMENTO. AF_12/2017 | C26: m² | D26: 2000 | E26: 1000 | F26: 2.27 | G26: =F26*$I$15 -> 2.92 | H26: =E26*G26 -> 2920 | I26: =D26/2 -> 1000
A27: 2.5 | B27: DEMOLIÇÃO DE PILARES E VIGAS EM CONCRETO ARMADO, DE FORMA MANUAL, SEM REAPROVEITAMENTO. AF_12/2017 | C27: m³ | D27: 30 | E27: 15 | F27: 412.31 | G27: =F27*$I$15 -> 531.14 | H27: =E27*G27 -> 7967.1 | I27: =D27/2 -> 15
A28: 2.6 | B28: DEMOLIÇÃO DE REVESTIMENTO CERÂMICO, DE FORMA MANUAL, SEM REAPROVEITAMENTO. AF_12/2017 | C28: m² | D28: 1500 | E28: 750 | F28: 15.82 | G28: =F28*$I$15 -> 20.38 | H28: =E28*G28 -> 15285 | I28: =D28/2 -> 750
A29: 2.7 | B29: DEMOLIÇÃO DE RODAPÉ CERÂMICO, DE FORMA MANUAL, SEM REAPROVEITAMENTO. AF_12/2017 | C29: M | D29: 1000 | E29: 500 | F29: 1.81 | G29: =F29*$I$15 -> 2.33 | H29: =E29*G29 -> 1165 | I29: =D29/2 -> 500
A30: 2.8 | B30: RECOLOCACAO DE TELHAS CERAMICAS TIPO FRANCESA, CONSIDERANDO REAPROVEITAMENTO DE MATERIAL | C30: m² | D30: =D24 -> 4000 | E30: 2000 | F30: 10.67 | G30: =F30*$I$15 -> 13.75 | H30: =E30*G30 -> 27500 | I30: =D30/2 -> 2000
A31: 2.9 | B31: REMOÇÃO DE JANELAS, DE FORMA MANUAL, SEM REAPROVEITAMENTO. AF_12/2017 | C31: m² | D31: 300 | E31: 150 | F31: 21.9 | G31: =F31*$I$15 -> 28.21 | H31: =E31*G31 -> 4231.5 | I31: =D31/2 -> 150
A32: 2.10 | B32: REMOÇÃO DE PORTAS, DE FORMA MANUAL, SEM REAPROVEITAMENTO. AF_12/2017 | C32: m² | D32: 500 | E32: 250 | F32: 6.29 | G32: =F32*$I$15 -> 8.1 | H32: =E32*G32 -> 2025 | I32: =D32/2 -> 250
A33: 2.11 | B33: REMOÇÃO DE TELHAS, DE FIBROCIMENTO, METÁLICA E CERÂMICA, DE FORMA MANUAL, SEM REAPROVEITAMENTO. AF_12/2017 | C33: m² | D33: 3000 | E33: 1500 | F33: 2.36 | G33: =F33*$I$15 -> 3.04 | H33: =E33*G33 -> 4560 | I33: =D33/2 -> 1500
A34: 2.12 | B34: RETIRADA DE PINTURA (C/ ESCOVA DE AGO) | C34: m² | D34: 15000 | E34: 7500 | F34: 4.51 | G34: =F34*$I$15 -> 5.81 | H34: =E34*G34 -> 43575 | I34: =D34/2 -> 7500
A35: 2.13 | B35: RETIRADA DE ENTULHO - MANUALMENTE (INCLUINDO CAIXA COLETORA) | C35: m³ | D35: 150 | E35: 75 | F35: 89.65 | G35: =F35*$I$15 -> 115.49 | H35: =E35*G35 -> 8661.75 | I35: =D35/2 -> 75
A36: 2.14 | B36: RETIRADA DE ENTULHO C/ EQUIPAMENTO DISTANCIA ATE 5K | C36: m³ | D36: 800 | E36: 400 | F36: 22.18 | G36: =F36*$I$15 -> 28.57 | H36: =E36*G36 -> 11428 | I36: =D36/2 -> 400
A37: 2.15 | B37: RETIRADA DE FORRO EM PVC, INCL. BARROTEAMENTO | C37: m² | D37: 2000 | E37: 1000 | F37: 4.99 | G37: =F37*$I$15 -> 6.43 | H37: =E37*G37 -> 6430 | I37: =D37/2 -> 1000
A38: 2.16 | B38: RETIRADA DE LOUGA SANITARIA | C38: UN | D38: 80 | E38: 40 | F38: 33.39 | G38: =F38*$I$15 -> 43.01 | H38: =E38*G38 -> 1720.4 | I38: =D38/2 -> 40
A39: 2.17 | B39: RETIRADA DE LUMINARIAS | C39: UN | D39: 450 | E39: 225 | F39: 13.48 | G39: =F39*$I$15 -> 17.36 | H39: =E39*G39 -> 3906 | I39: =D39/2 -> 225
A40: 2.18 | B40: RETIRADA DE PISO CERAMICO, INCLUSIVE CAMADA REGULARIZADORA | C40: m² | D40: 4000 | E40: 2000 | F40: 6.7 | G40: =F40*$I$15 -> 8.63 | H40: =E40*G40 -> 17260 | I40: =D40/2 -> 2000
A41: 2.19 | B41: RETIRADA DE SOLEIRA E PEITORIL | C41: m² | D41: 250 | E41: 125 | F41: 14.85 | G41: =F41*$I$15 -> 19.13 | H41: =E41*G41 -> 2391.25 | I41: =D41/2 -> 125
A42: 2.20 | B42: RETIRADA DE TELHAS DE BARRO | C42: m² | D42: 3000 | E42: 1500 | F42: 8.39 | G42: =F42*$I$15 -> 10.81 | H42: =E42*G42 -> 16215 | I42: =D42/2 -> 1500
... A44: 2.22 | B44: REVISAO DE PONTO DE ESGOTO | C44: Pt | D44: 600 | E44: 300 | F44: 121.65 | G44: =F44*$I$15 -> 156.71 | H44: =E44*G44 -> 47013 | I44: =D44/2 -> 300
A45: Total item 2 | H45: =SUM(H23:H44) -> 292052.75 | I45: =D45/2 -> 0
A46: 3 | B46: INFRAESTRUTURA | I46: =D46/2 -> 0
A47: 3.1 | B47: ESCAVAÇÃO MANUAL DE VALA COM PROFUNDIDADE MENOR OU IGUAL A 1,30 M. AF_03/2016 | C47: m³ | D47: 150 | E47: 75 | F47: 59.08 | G47: =F47*$I$15 -> 76.11 | H47: =E47*G47 -> 5708.25 | I47: =D47/2 -> 75
A48: 3.2 | B48: PREPARO DE FUNDO DE VALA COM LARGURA MENOR QUE 1,5 M, EM LOCAL COM NÍVEL BAIXO DE INTERFERÊNCIA. AF_06/2016 | C48: m² | D48: 1000 | E48: 500 | F48: 4.37 | G48: =F48*$I$15 -> 5.63 | H48: =E48*G48 -> 2815 | I48: =D48/2 -> 500
A49: 3.3 | B49: CONCRETO C/ SEIXO FCK= 15 MPA (INCL. PREPARO E LANGAMENTO) | C49: m³ | D49: 50 | E49: 25 | F49: 630.72 | G49: =F49*$I$15 -> 812.49 | H49: =E49*G49 -> 20312.25 | I49: =D49/2 -> 25
A50: 3.4 | B50: CONCRETO ARMADO FCK=25MPA COM FORMA APARENTE - 1 REAPROVEITAMENTO | C50: m³ | D50: 150 | E50: 75 | F50: 2522.86 | G50: =F50*$I$15 -> 3249.95 | H50: =E50*G50 -> 243746.25 | I50: =D50/2 -> 75
A51: 3.5 | B51: DESFORMA | C51: m² | D51: 1000 | E51: 500 | F51: 4.46 | G51: =F51*$I$15 -> 5.75 | H51: =E51*G51 -> 2875 | I51: =D51/2 -> 500
A52: 3.6 | B52: REATERRO MANUAL APILOADO COM SOQUETE. AF_10/2017 | C52: m³ | D52: 100 | E52: 50 | F52: 35.88 | G52: =F52*$I$15 -> 46.22 | H52: =E52*G52 -> 2311 | I52: =D52/2 -> 50
A53: Total item 3 | H53: =SUM(H47:H52) -> 277767.75 | I53: =D53/2 -> 0
A54: 4 | B54: SUPERESTRUTURA | I54: =D54/2 -> 0
A55: 4.1 | B55: CONCRETO C/ SEIXO FCK= 15 MPA (INCL. PREPARO E LANGAMENTO) | C55: m³ | D55: 300 | E55: 150 | F55: 630.72 | G55: =F55*$I$15 -> 812.49 | H55: =E55*G55 -> 121873.5 | I55: =D55/2 -> 150
A56: 4.2 | B56: DESFORMA | C56: m² | D56: 1000 | E56: 500 | F56: 4.46 | G56: =F56*$I$15 -> 5.75 | H56: =E56*G56 -> 2875 | I56: =D56/2 -> 500
A57: 4.3 | B57: LAJE PRE-MOLDADA TRELIGADA (INCL. CAPIAMENTO) | C57: m² | D57: 1000 | E57: 500 | F57: 131.5 | G57: =F57*$I$15 -> 169.4 | H57: =E57*G57 -> 84700 | I57: =D57/2 -> 500
A58: Total item 4 | H58: =SUM(H55:H57) -> 209448.5 | I58: =D58/2 -> 0
A59: 5 | B59: VEDAÇÕES | I59: =D59/2 -> 0
A60: 5.1 | B60: ALVENARIA DE VEDAÇÃO DE BLOCOS CERÂMICOS FURADOS NA HORIZONTAL DE 9X19X19CM (ESPESSURA 9CM) DE PAREDES COM ÁREA LÍQUIDA MAIOR OU IGUAL A 6M² SEM VÃOS E ARGAMASSA DE ASSENTAMENTO COM PREPARO EM BETONEIRA. AF_06/2014 | C60: m² | D60: 2500 | E60: 1250 | F60: 61.83 | G60: =F60*$I$15 -> 79.65 | H60: =E60*G60 -> 99562.5 | I60: =D60/2 -> 1250
A61: 5.2 | B61: ALVENARIA TIJOLO DE BARRO A SINGELO | C61: m² | D61: 100 | E61: 50 | F61: 79.95 | G61: =F61*$I$15 -> 102.99 | H61: =E61*G61 -> 5149.5 | I61: =D61/2 -> 50
A62: 5.3 | B62: DIVISORIA EM GESSO ACARTONADO E= 9CM | C62: m² | D62: 600 | E62: 300 | F62: 94.29 | G62: =F62*$I$15 -> 121.46 | H62: =E62*G62 -> 36438 | I62: =D62/2 -> 300
A63: 5.4 | B63: DIVISORIA NAVAL PERFIL EM AGO/MIOLO CELULAR | C63: m² | D63: 1000 | E63: 500 | F63: 98.87 | G63: =F63*$I$15 -> 127.36 | H63: =E63*G63 -> 63680 | I63: =D63/2 -> 500
A64: 5.5 | B64: FORNECIMENTO DE MATERIAIS E MÃO-DE-OBRA PARA EXECUÇÃO DE SERVIÇOS DE INSTALAÇÃO DE DIVISÓRIAS EM GRANITO VERDE UBATUBA, INCL. FERRAGENS DE FIXAÇÃO | C64: m² | D64: 100 | E64: 50 | F64: 542.25 | G64: =F64*$I$15 -> 698.53 | H64: =E64*G64 -> 34926.5 | I64: =D64/2 -> 50
A65: 5.6 | B65: PAINEL FIXO EM VIDRO TEMPERADO DE 10MM | C65: m² | D65: 80 | E65: 40 | F65: 508.89 | G65: =F65*$I$15 -> 655.55 | H65: =E65*G65 -> 26222 | I65: =D65/2 -> 40
A66: 5.7 | B66: RECOMPOSIGAO DE ALVENARIA - INSTALAGAO DE PONTOS | C66: m² | D66: 60 | E66: 30 | F66: 45.54 | G66: =F66*$I$15 -> 58.66 | H66: =E66*G66 -> 1759.8 | I66: =D66/2 -> 30
A67: 5.8 | B67: FORNECIMENTO DE MATERIAIS E MÃO-DE-OBRA PARA EXECUÇÃO DE SERVIÇOS DE INSTALAÇÃO DE DIVISÓRIA EM BLOCOS DE GESSO | C67: m² | D67: 600 | E67: 300 | F67: 66.91 | G67: =F67*$I$15 -> 86.19 | H67: =E67*G67 -> 25857 | I67: =D67/2 -> 300
A68: Total item 5 | H68: =SUM(H60:H67) -> 293595.3 | I68: =D68/2 -> 0
A69: 6 | B69: COBERTURA | I69: =D69/2 -> 0
A70: 6.1 | B70: CALHA EM CHAPA DE AÇO GALVANIZADO NÚMERO 24, DESENVOLVIMENTO DE 50 CM, INCLUSO TRANSPORTE VERTICAL. AF_07/2019 | C70: M | D70: 1000 | E70: 500 | F70: 54.7 | G70: =F70*$I$15 -> 70.46 | H70: =E70*G70 -> 35230 | I70: =D70/2 -> 500
A71: 6.2 | B71: CONCRETO ARMADO P/ RUFOS | C71: m³ | D71: 60 | E71: 30 | F71: 1920.44 | G71: =F71*$I$15 -> 2473.91 | H71: =E71*G71 -> 74217.3 | I71: =D71/2 -> 30
A72: 6.3 | B72: CUMEEIRA E ESPIGÃO PARA TELHA CERÂMICA EMBOÇADA COM ARGAMASSA TRAÇO 1:2:9 (CIMENTO, CAL E AREIA), PARA TELHADOS COM MAIS DE 2 ÁGUAS, INCLUSO TRANSPORTE VERTICAL. AF_07/2019 | C72: M | D72: 1500 | E72: 750 | F72: 24.23 | G72: =F72*$I$15 -> 31.21 | H72: =E72*G72 -> 23407.5 | I72: =D72/2 -> 750
A73: 6.4 | B73: CUMEEIRA PARA TELHA DE FIBROCIMENTO ONDULADA E = 6 MM, INCLUSO ACESSÓRIOS DE FIXAÇÃO E IÇAMENTO. AF_07/2019 | C73: M | D73: 1000 | E73: 500 | F73: 65.18 | G73: =F73*$I$15 -> 83.96 | H73: =E73*G73 -> 41980 | I73: =D73/2 -> 500
A74: 6.5 | B74: TELHAMENTO COM TELHA CERÂMICA CAPA-CANAL, TIPO COLONIAL, COM ATÉ 2 ÁGUAS, INCLUSO TRANSPORTE VERTICAL. AF_07/2019 | C74: m² | D74: 4000 | E74: 2000 | F74: 33.34 | G74: =F74*$I$15 -> 42.95 | H74: =E74*G74 -> 85900 | I74: =D74/2 -> 2000
A75: 6.6 | B75: TELHAMENTO COM TELHA ONDULADA DE FIBROCIMENTO E = 6 MM, COM RECOBRIMENTO LATERAL DE 1/4 DE ONDA PARA TELHADO COM INCLINAÇÃO MAIOR QUE 10°, COM ATÉ 2 ÁGUAS, INCLUSO IÇAMENTO. AF_07/2019 | C75: m² | D75: 4000 | E75: 2000 | F75: 48.62 | G75: =F75*$I$15 -> 62.63 | H75: =E75*G75 -> 125260 | I75: =D75/2 -> 2000
A76: 6.7 | B76: TELHAMENTO COM TELHA DE AÇO/ALUMÍNIO E = 0,5 MM, COM ATÉ 2 ÁGUAS, INCLUSO IÇAMENTO. AF_07/2019 | C76: m² | D76: 600 | E76: 300 | F76: 81.03 | G76: =F76*$I$15 -> 104.38 | H76: =E76*G76 -> 31314 | I76: =D76/2 -> 300
A77: 6.8 | B77: TESOURA EM MAD. DE LEI P/ VAO DE 8.0M | C77: UN | D77: 20 | E77: 10 | F77: 1685.48 | G77: =F77*$I$15 -> 2171.24 | H77: =E77*G77 -> 21712.4 | I77: =D77/2 -> 10
A78: 6.9 | B78: TRAMA DE MADEIRA COMPOSTA POR RIPAS, CAIBROS E TERÇAS PARA TELHADOS DE ATÉ 2 ÁGUAS PARA TELHA CERÂMICA CAPA-CANAL, INCLUSO TRANSPORTE VERTICAL. AF_07/2019 | C78: m² | D78: 2500 | E78: 1250 | F78: 58.37 | G78: =F78*$I$15 -> 75.19 | H78: =E78*G78 -> 93987.5 | I78: =D78/2 -> 1250
A79: 6.10 | B79: TRAMA DE MADEIRA COMPOSTA POR TERÇAS PARA TELHADOS DE ATÉ 2 ÁGUAS PARA TELHA ONDULADA DE FIBROCIMENTO, METÁLICA, PLÁSTICA OU TERMOACÚSTICA, INCLUSO TRANSPORTE VERTICAL. AF_07/2019 | C79: m² | D79: 2500 | E79: 1250 | F79: 17.17 | G79: =F79*$I$15 -> 22.12 | H79: =E79*G79 -> 27650 | I79: =D79/2 -> 1250
A80: Total item 6 | H80: =SUM(H70:H79) -> 560658.7 | I80: =D80/2 -> 0
A81: 7 | B81: FORRO | I81: =D81/2 -> 0
A82: 7.1 | B82: BARROTEAMENTO EM MADEIRA DE LEI P/ FORRO PVC | C82: m² | D82: 3000 | E82: 1500 | F82: 46.97 | G82: =F82*$I$15 -> 60.51 | H82: =E82*G82 -> 90765 | I82: =D82/2 -> 1500
A83: 7.2 | B83: FORRO EM LAMBRI DE PVC | C83: m² | D83: 3000 | E83: 1500 | F83: 26.49 | G83: =F83*$I$15 -> 34.12 | H83: =E83*G83 -> 51180 | I83: =D83/2 -> 1500
A84: 7.3 | B84: FORRO EM PLACAS DE GESSO, PARA AMBIENTES RESIDENCIAIS. AF_05/2017_P | C84: m² | D84: 1000 | E84: 500 | F84: 30.36 | G84: =F84*$I$15 -> 39.11 | H84: =E84*G84 -> 19555 | I84: =D84/2 -> 500
A85: Total item 7 | H85: =SUM(H82:H84) -> 161500 | I85: =D85/2 -> 0
A86: 8 | B86: ESQUADRIAS | I86: =D86/2 -> 0
A87: 8.1 | B87: KIT DE PORTA DE MADEIRA PARA PINTURA, SEMI-OCA (LEVE OU MÉDIA), PADRÃO MÉDIO, 80X210CM, ESPESSURA DE 3,5CM, ITENS INCLUSOS: DOBRADIÇAS, MONTAGEM E INSTALAÇÃO DO BATENTE, FECHADURA COM EXECUÇÃO DO FURO - FORNECIMENTO E INSTALAÇÃO. AF_12/2019 | C87: UN | D87: 150 | E87: 75 | F87: 677.77 | G87: =F87*$I$15 -> 873.1 | H87: =E87*G87 -> 65482.5 | I87: =D87/2 -> 75
A88: 8.2 | B88: KIT DE PORTA DE MADEIRA PARA PINTURA, SEMI-OCA (LEVE OU MÉDIA), PADRÃO MÉDIO, 70X210CM, ESPESSURA DE 3,5CM, ITENS INCLUSOS: DOBRADIÇAS, MONTAGEM E INSTALAÇÃO DO BATENTE, FECHADURA COM EXECUÇÃO DO FURO - FORNECIMENTO E INSTALAÇÃO. AF_12/2019 | C88: UN | D88: 150 | E88: 75 | F88: 643.5 | G88: =F88*$I$15 -> 828.96 | H88: =E88*G88 -> 62172 | I88: =D88/2 -> 75
A89: 8.3 | B89: KIT DE PORTA DE MADEIRA PARA PINTURA, SEMI-OCA (LEVE OU MÉDIA), PADRÃO MÉDIO, 60X210CM, ESPESSURA DE 3,5CM, ITENS INCLUSOS: DOBRADIÇAS, MONTAGEM E INSTALAÇÃO DO BATENTE, FECHADURA COM EXECUÇÃO DO FURO - FORNECIMENTO E INSTALAÇÃO. AF_12/2019 | C89: UN | D89: 150 | E89: 75 | F89: 637.5 | G89: =F89*$I$15 -> 821.23 | H89: =E89*G89 -> 61592.25 | I89: =D89/2 -> 75
A90: 8.4 | B90: ALIZAR / GUARNIÇÃO DE 5X1,5CM PARA PORTA DE 60X210CM FIXADO COM PREGOS, PADRÃO MÉDIO - FORNECIMENTO E INSTALAÇÃO. AF_08/2015 | C90: UN | D90: 80 | E90: 40 | F90: 23.31 | G90: =F90*$I$15 -> 30.03 | H90: =E90*G90 -> 1201.2 | I90: =D90/2 -> 40
A91: 8.5 | B91: ALIZAR / GUARNIÇÃO DE 5X1,5CM PARA PORTA DE 70X210CM FIXADO COM PREGOS, PADRÃO MÉDIO - FORNECIMENTO E INSTALAÇÃO. AF_08/2015 | C91: UN | D91: 80 | E91: 40 | F91: 24.6 | G91: =F91*$I$15 -> 31.69 | H91: =E91*G91 -> 1267.6 | I91: =D91/2 -> 40
A92: 8.6 | B92: ALIZAR / GUARNIÇÃO DE 5X1,5CM PARA PORTA DE 80X210CM FIXADO COM PREGOS, PADRÃO MÉDIO - FORNECIMENTO E INSTALAÇÃO. AF_08/2015 | C92: UN | D92: 80 | E92: 40 | F92: 25.87 | G92: =F92*$I$15 -> 33.33 | H92: =E92*G92 -> 1333.2 | I92: =D92/2 -> 40
A93: 8.7 | B93: PORTA EM ALUMÍNIO DE ABRIR TIPO VENEZIANA COM GUARNIÇÃO, FIXAÇÃO COM PARAFUSOS - FORNECIMENTO E INSTALAÇÃO. AF_12/2019 | C93: m² | D93: 150 | E93: 75 | F93: 349.68 | G93: =F93*$I$15 -> 450.46 | H93: =E93*G93 -> 33784.5 | I93: =D93/2 -> 75
A94: 8.8 | B94: PORTA EM MDF REVESTIDA COM LAMINADO, COM CAIXILHO,ALIZAR E FERRAGENS DE 0,8X2,10M | C94: UN | D94: 80 | E94: 40 | F94: 783.88 | G94: =F94*$I$15 -> 1009.79 | H94: =E94*G94 -> 40391.6 | I94: =D94/2 -> 40
A95: 8.10 | B95: JANELA DE ALUMÍNIO DE CORRER, 2 FOLHAS, FIXAÇÃO COM ARGAMASSA, COM VIDROS, PADRONIZADA. AF_07/2016 | C95: m² | D95: =2*1.1*50 -> 110 | E95: 55 | F95: 256.56 | G95: =F95*$I$15 -> 330.5 | H95: =E95*G95 -> 18177.5 | I95: =D95/2 -> 55
A96: 8.11 | B96: GRADIL EM FERRO FIXADO EM VÃOS DE JANELAS, FORMADO POR BARRAS CHATAS DE 25X4,8 MM. AF_04/2019 | C96: m² | D96: 250 | E96: 125 | F96: 417.9 | G96: =F96*$I$15 -> 538.34 | H96: =E96*G96 -> 67292.5 | I96: =D96/2 -> 125
A97: 8.12 | B97: FORNECIMENTO DE MATERIAIS E MÃO-DE-OBRA PARA EXECUÇÃO DE SERVIÇOS PARA GRADE DE FERRO EM METALOM (INCL. PINT.ANTI-CORROSIVA) | C97: m² | D97: 300 | E97: 150 | F97: 391.24 | G97: =F97*$I$15 -> 504 | H97: =E97*G97 -> 75600 | I97: =D97/2 -> 150
A98: 8.13 | B98: JANELA DE ALUMÍNIO TIPO MAXIM-AR, COM VIDROS, BATENTE E FERRAGENS. EXCLUSIVE ALIZAR, ACABAMENTO E CONTRAMARCO. FORNECIMENTO E INSTALAÇÃO. AF_12/2019 | C98: m² | D98: =2*1.1*80 -> 176 | E98: 88 | F98: 406.89 | G98: =F98*$I$15 -> 524.16 | H98: =E98*G98 -> 46126.08 | I98: =D98/2 -> 88
A99: 8.14 | B99: JANELA DE ALUMÍNIO DE CORRER, 4 FOLHAS, FIXAÇÃO COM ARGAMASSA, COM VIDROS, PADRONIZADA. AF_07/2016 | C99: m² | D99: =2*1.1*50 -> 110 | E99: 55 | F99: 299.69 | G99: =F99*$I$15 -> 386.06 | H99: =E99*G99 -> 21233.3 | I99: =D99/2 -> 55
A100: 8.15 | B100: FECHADURA DE EMBUTIR COM CILINDRO, EXTERNA, COMPLETA, ACABAMENTO PADRÃO POPULAR, INCLUSO EXECUÇÃO DE FURO - FORNECIMENTO E INSTALAÇÃO. AF_12/2019 | C100: UN | D100: 150 | E100: 75 | F100: 71.18 | G100: =F100*$I$15 -> 91.69 | H100: =E100*G100 -> 6876.75 | I100: =D100/2 -> 75
A101: 8.16 | B101: DOBRADIÇA EM AÇO/FERRO, 3" X 21/2", E=1,9 A 2MM, SEN ANEL, CROMADO OU ZINCADO, TAMPA BOLA, COM PARAFUSOS. AF_12/2019 | C101: UN | D101: 120 | E101: 60 | F101: 37.32 | G101: =F101*$I$15 -> 48.08 | H101: =E101*G101 -> 2884.8 | I101: =D101/2 -> 60
A102: Total item 8 | H102: =SUM(H87:H101) -> 505415.78 | I102: =D102/2 -> 0
A103: 9 | B103: INSTALAÇÕES ELÉTRICAS | I103: =D103/2 -> 0
A104: 9.1 | B104: CABO DE COBRE FLEXÍVEL ISOLADO, 2,5 MM², ANTI-CHAMA 450/750 V, PARA CIRCUITOS TERMINAIS - FORNECIMENTO E INSTALAÇÃO. AF_12/2015 | C104: M | D104: 12000 | E104: 6000 | F104: 2.63 | G104: =F104*$I$15 -> 3.39 | H104: =E104*G104 -> 20340 | I104: =D104/2 -> 6000
A105: 9.2 | B105: CABO DE COBRE FLEXÍVEL ISOLADO, 4 MM², ANTI-CHAMA 450/750 V, PARA CIRCUITOS TERMINAIS - FORNECIMENTO E INSTALAÇÃO. AF_12/2015 | C105: M | D105: 4000 | E105: 2000 | F105: 4.26 | G105: =F105*$I$15 -> 5.49 | H105: =E105*G105 -> 10980 | I105: =D105/2 -> 2000
A106: 9.3 | B106: CABO DE COBRE FLEXÍVEL ISOLADO, 10 MM², ANTI-CHAMA 0,6/1,0 KV, PARA CIRCUITOS TERMINAIS - FORNECIMENTO E INSTALAÇÃO. AF_12/2015 | C106: M | D106: 1000 | E106: 500 | F106: 10.18 | G106: =F106*$I$15 -> 13.11 | H106: =E106*G106 -> 6555 | I106: =D106/2 -> 500
A107: 9.4 | B107: CABO DE COBRE FLEXÍVEL ISOLADO, 16 MM², ANTI-CHAMA 0,6/1,0 KV, PARA CIRCUITOS TERMINAIS - FORNECIMENTO E INSTALAÇÃO. AF_12/2015 | C107: M | D107: 600 | E107: 300 | F107: 15.33 | G107: =F107*$I$15 -> 19.75 | H107: =E107*G107 -> 5925 | I107: =D107/2 -> 300
...

Sheet Cron. Fís. Finan. Acumulado
A3: ESTADO DO PARÁ
A4: PREFEITURA MUNICIPAL DE TUCURUÍ
A5: SECRETARIA MUNICIPAL DE OBRAS, URBANISMO E HABITAÇÃO
A7: EVENTUAL E FUTURA CONTRATAÇÃO DE EMPRESA PARA EXECUÇÃO DE SERVIÇOS DE ENGENHARIA DE NATUREZA FREQUENTE, INCLUSO MATERIAL E MÃO-DE-OBRA, RELATIVOS À MANUTENÇÃO PREVENTIVA OU CORRETIVA, CONSERVAÇÃO E PEQUENOS REPAROS, EM PRÉDIOS E ESPAÇOS PÚBLICOS DO PODER EXECUTIVO DO MUNICÍPIO DE TUCURUÍ-PA - LOTE 01 ( SECRETARIA DE EDUCAÇÃO)
A9: CRONOGRAMA FISICO-FINANCEIRO
A11: ITEM | B11: PERIODO DE EXECUÇÃO | D11: Mês 1 | E11: Mês 2 | F11: Mês 3 | G11: Mês 4 | H11: Mês 5 | I11: Mês 6 | J11: Mês 7 | K11: Mês 8 | L11: Mês 9 | M11: Mês 10 | N11: Mês 11 | O11: Mês 12 | P11: (%) Referente a Obra (A)
A13: 1 | B13: Mobilização
B16: DESCRIÇÃO DOS SERVIÇOS | C16: R$
A18: 1.1 | B18: SERVIÇOS PRELIMINARES | C18: ='Orçamento PARA 2ª CONTRATAÇÃO'!H21 -> 139356.7 | D18: 0.1357 | E18: 0.1048 | F18: 0.1 | G18: 0.3298 | H18: 0.3297 | P18: =C18/$C$72 -> 0.0264
D20: =D18*C18 -> 18910.7 | E20: =E18*C18 -> 14604.58 | F20: =F18*C18 -> 13935.67 | G20: =G18*C18 -> 45959.84 | H20: =H18*C18 -> 45945.9 | I20: =I18*C18 -> 0 | J20: =J18*C18 -> 0 | K20: =K18*C18 -> 0 | L20: =L18*C18 -> 0 | M20: =M18*C18 -> 0 | N20: =N18*C18 -> 0 | O20: =O18*C18 -> 0
A21: 1.2 | B21: DEMOLIÇÕES, RETIRADAS E REVISÕES | C21: ='Orçamento PARA 2ª CONTRATAÇÃO'!H45 -> 292052.75 | D21: 0.0769 | E21: 0.0823 | F21: 0.0826 | G21: 0.0827 | H21: 0.0821 | I21: 0.0825 | J21: 0.0831 | K21: 0.0869 | L21: 0.0854 | M21: 0.0912 | N21: 0.0903 | O21: 0.074 | P21: =C21/$C$72 -> 0.0553
D23: =D21*C21 -> 22458.86 | E23: =E21*C21 -> 24035.94 | F23: =F21*C21 -> 24123.56 | G23: =G21*C21 -> 24152.76 | H23: =H21*C21 -> 23977.53 | I23: =I21*C21 -> 24094.35 | J23: =J21*C21 -> 24269.58 | K23: =K21*C21 -> 25379.38 | L23: =L21*C21 -> 24941.3 | M23: =M21*C21 -> 26635.21 | N23: =N21*C21 -> 26372.36 | O23: =O21*C21 -> 21611.9
A24: 1.3 | B24: INFRAESTRUTURA | C24: ='Orçamento PARA 2ª CONTRATAÇÃO'!H53 -> 277767.75 | D24: 0.1 | E24: 0.1 | F24: 0.08 | G24: 0.08 | H24: 0.08 | I24: 0.08 | J24: 0.08 | K24: 0.08 | L24: 0.08 | M24: 0.08 | N24: 0.08 | O24: 0.08 | P24: =C24/$C$72 -> 0.0526
D26: =D24*C24 -> 27776.78 | E26: =E24*C24 -> 27776.78 | F26: =F24*C24 -> 22221.42 | G26: =G24*C24 -> 22221.42 | H26: =H24*C24 -> 22221.42 | I26: =I24*C24 -> 22221.42 | J26: =J24*C24 -> 22221.42 | K26: =K24*C24 -> 22221.42 | L26: =L24*C24 -> 22221.42 | M26: =M24*C24 -> 22221.42 | N26: =N24*C24 -> 22221.42 | O26: =O24*C24 -> 22221.42
A27: 1.4 | B27: SUPERESTRUTURA | C27: ='Orçamento PARA 2ª CONTRATAÇÃO'!H58 -> 209448.5 | D27: 0.09 | E27: 0.09 | F27: 0.09 | G27: 0.09 | H27: 0.08 | I27: 0.08 | J27: 0.08 | K27: 0.08 | L27: 0.08 | M27: 0.08 | N27: 0.08 | O27: 0.08 | P27: =C27/$C$72 -> 0.0397
D29: =D27*C27 -> 18850.37 | E29: =E27*C27 -> 18850.37 | F29: =F27*C27 -> 18850.37 | G29: =G27*C27 -> 18850.37 | H29: =H27*C27 -> 16755.88 | I29: =I27*C27 -> 16755.88 | J29: =J27*C27 -> 16755.88 | K29: =K27*C27 -> 16755.88 | L29: =L27*C27 -> 16755.88 | M29: =M27*C27 -> 16755.88 | N29: =N27*C27 -> 16755.88 | O29: =O27*C27 -> 16755.88
A30: 1.5 | B30: VEDAÇÕES | C30: ='Orçamento PARA 2ª CONTRATAÇÃO'!H68 -> 293595.3 | D30: 0.09 | E30: 0.09 | F30: 0.09 | G30: 0.09 | H30: 0.08 | I30: 0.08 | J30: 0.08 | K30: 0.08 | L30: 0.08 | M30: 0.08 | N30: 0.08 | O30: 0.08 | P30: =C30/$C$72 -> 0.0556
D32: =D30*C30 -> 26423.58 | E32: =E30*C30 -> 26423.58 | F32: =F30*C30 -> 26423.58 | G32: =G30*C30 -> 26423.58 | H32: =H30*C30 -> 23487.62 | I32: =I30*C30 -> 23487.62 | J32: =J30*C30 -> 23487.62 | K32: =K30*C30 -> 23487.62 | L32: =L30*C30 -> 23487.62 | M32: =M30*C30 -> 23487.62 | N32: =N30*C30 -> 23487.62 | O32: =O30*C30 -> 23487.62
A33: 1.6 | B33: COBERTURA | C33: ='Orçamento PARA 2ª CONTRATAÇÃO'!H80 -> 560658.7 | D33: 0.09 | E33: 0.09 | F33: 0.09 | G33: 0.09 | H33: 0.09 | I33: 0.09 | J33: 0.09 | K33: 0.09 | L33: 0.07 | M33: 0.07 | N33: 0.07 | O33: 0.07 | P33: =C33/$C$72 -> 0.1061
D35: =D33*C33 -> 50459.28 | E35: =E33*C33 -> 50459.28 | F35: =F33*C33 -> 50459.28 | G35: =G33*C33 -> 50459.28 | H35: =H33*C33 -> 50459.28 | I35: =I33*C33 -> 50459.28 | J35: =J33*C33 -> 50459.28 | K35: =K33*C33 -> 50459.28 | L35: =L33*C33 -> 39246.11 | M35: =M33*C33 -> 39246.11 | N35: =N33*C33 -> 39246.11 | O35: =O33*C33 -> 39246.11
A36: 1.7 | B36: FORRO | C36: ='Orçamento PARA 2ª CONTRATAÇÃO'!H85 -> 161500 | D36: 0.09 | E36: 0.09 | F36: 0.09 | G36: 0.09 | H36: 0.09 | I36: 0.09 | J36: 0.07 | K36: 0.07 | L36: 0.08 | M36: 0.08 | N36: 0.08 | O36: 0.08 | P36: =C36/$C$72 -> 0.0306
D38: =D36*C36 -> 14535 | E38: =E36*C36 -> 14535 | F38: =F36*C36 -> 14535 | G38: =G36*C36 -> 14535 | H38: =H36*C36 -> 14535 | I38: =I36*C36 -> 14535 | J38: =J36*C36 -> 11305 | K38: =K36*C36 -> 11305 | L38: =L36*C36 -> 12920 | M38: =M36*C36 -> 12920 | N38: =N36*C36 -> 12920 | O38: =O36*C36 -> 12920
A39: 1.8 | B39: ESQUADRIAS | C39: ='Orçamento PARA 2ª CONTRATAÇÃO'!H102 -> 505415.78 | D39: 0.09 | E39: 0.09 | F39: 0.09 | G39: 0.09 | H39: 0.09 | I39: 0.09 | J39: 0.07 | K39: 0.07 | L39: 0.08 | M39: 0.08 | N39: 0.08 | O39: 0.08 | P39: =C39/$C$72 -> 0.0957
D41: =D39*C39 -> 45487.42 | E41: =E39*C39 -> 45487.42 | F41: =F39*C39 -> 45487.42 | G41: =G39*C39 -> 45487.42 | H41: =H39*C39 -> 45487.42 | I41: =I39*C39 -> 45487.42 | J41: =J39*C39 -> 35379.1 | K41: =K39*C39 -> 35379.1 | L41: =L39*C39 -> 40433.26 | M41: =M39*C39 -> 40433.26 | N41: =N39*C39 -> 40433.26 | O41: =O39*C39 -> 40433.26
A42: 1.9 | B42: INSTALAÇÕES ELÉTRICAS | C42: ='Orçamento PARA 2ª CONTRATAÇÃO'!H145 -> 307105.65 | D42: 0.0875 | E42: 0.0875 | F42: 0.0825 | G42: 0.0825 | H42: 0.085 | I42: 0.085 | J42: 0.085 | K42: 0.085 | L42: 0.08 | M42: 0.08 | N42: 0.08 | O42: 0.08 | P42: =C42/$C$72 -> 0.0581
D44: =D42*C42 -> 26871.74 | E44: =E42*C42 -> 26871.74 | F44: =F42*C42 -> 25336.22 | G44: =G42*C42 -> 25336.22 | H44: =H42*C42 -> 26103.98 | I44: =I42*C42 -> 26103.98 | J44: =J42*C42 -> 26103.98 | K44: =K42*C42 -> 26103.98 | L44: =L42*C42 -> 24568.45 | M44: =M42*C42 -> 24568.45 | N44: =N42*C42 -> 24568.45 | O44: =O42*C42 -> 24568.45
A45: 1.10 | B45: INSTALAÇÕES HIDROSANITÁRIAS | C45: ='Orçamento PARA 2ª CONTRATAÇÃO'!H170 -> 355244.56 | D45: 0.0812 | E45: 0.0988 | F45: 0.0812 | G45: 0.0988 | H45: 0.0712 | I45: 0.0888 | J45: 0.0712 | K45: 0.0888 | L45: 0.0712 | M45: 0.0888 | N45: 0.08 | O45: 0.08 | P45: =C45/$C$72 -> 0.0673
D47: =D45*C45 -> 28845.86 | E47: =E45*C45 -> 35098.16 | F47: =F45*C45 -> 28845.86 | G47: =G45*C45 -> 35098.16 | H47: =H45*C45 -> 25293.41 | I47: =I45*C45 -> 31545.72 | J47: =J45*C45 -> 25293.41 | K47: =K45*C45 -> 31545.72 | L47: =L45*C45 -> 25293.41 | M47: =M45*C45 -> 31545.72 | N47: =N45*C45 -> 28419.56 | O47: =O45*C45 -> 28419.56
A48: 1.11 | B48: REVESTIMENTOS | C48: ='Orçamento PARA 2ª CONTRATAÇÃO'!H179 -> 215992 | D48: 0.09 | E48: 0.09 | F48: 0.09 | G48: 0.09 | H48: 0.08 | I48: 0.08 | J48: 0.08 | K48: 0.08 | L48: 0.08 | M48: 0.08 | N48: 0.08 | O48: 0.08 | P48: =C48/$C$72 -> 0.0409
D50: =D48*C48 -> 19439.28 | E50: =E48*C48 -> 19439.28 | F50: =F48*C48 -> 19439.28 | G50: =G48*C48 -> 19439.28 | H50: =H48*C48 -> 17279.36 | I50: =I48*C48 -> 17279.36 | J50: =J48*C48 -> 17279.36 | K50: =K48*C48 -> 17279.36 | L50: =L48*C48 -> 17279.36 | M50: =M48*C48 -> 17279.36 | N50: =N48*C48 -> 17279.36 | O50: =O48*C48 -> 17279.36
A51: 1.12 | B51: PINTURA | C51: ='Orçamento PARA 2ª CONTRATAÇÃO'!H190 -> 511388.75 | D51: 0.09 | E51: 0.09 | F51: 0.09 | G51: 0.09 | H51: 0.08 | I51: 0.08 | J51: 0.08 | K51: 0.08 | L51: 0.08 | M51: 0.08 | N51: 0.08 | O51: 0.08 | P51: =C51/$C$72 -> 0.0968
D53: =D51*C51 -> 46024.99 | E53: =E51*C51 -> 46024.99 | F53: =F51*C51 -> 46024.99 | G53: =G51*C51 -> 46024.99 | H53: =H51*C51 -> 40911.1 | I53: =I51*C51 -> 40911.1 | J53: =J51*C51 -> 40911.1 | K53: =K51*C51 -> 40911.1 | L53: =L51*C51 -> 40911.1 | M53: =M51*C51 -> 40911.1 | N53: =N51*C51 -> 40911.1 | O53: =O51*C51 -> 40911.1
A54: 1.13 | B54: PISO | C54: ='Orçamento PARA 2ª CONTRATAÇÃO'!H203 -> 547742.4 | D54: 0.09 | E54: 0.09 | F54: 0.09 | G54: 0.09 | H54: 0.09 | I54: 0.09 | J54: 0.07 | K54: 0.07 | L54: 0.08 | M54: 0.08 | N54: 0.08 | O54: 0.08 | P54: =C54/$C$72 -> 0.1037
D56: =D54*C54 -> 49296.82 | E56: =E54*C54 -> 49296.82 | F56: =F54*C54 -> 49296.82 | G56: =G54*C54 -> 49296.82 | H56: =H54*C54 -> 49296.82 | I56: =I54*C54 -> 49296.82 | J56: =J54*C54 -> 38341.97 | K56: =K54*C54 -> 38341.97 | L56: =L54*C54 -> 43819.39 | M56: =M54*C54 -> 43819.39 | N56: =N54*C54 -> 43819.39 | O56: =O54*C54 -> 43819.39
A57: 1.14 | B57: LOUÇAS E METAIS | C57: ='Orçamento PARA 2ª CONTRATAÇÃO'!H221 -> 57737.38 | D57: 0.09 | E57: 0.09 | F57: 0.09 | G57: 0.09 | H57: 0.09 | I57: 0.09 | J57: 0.09 | K57: 0.09 | L57: 0.07 | M57: 0.07 | N57: 0.07 | O57: 0.07 | P57: =C57/$C$72 -> 0.0109
D59: =D57*C57 -> 5196.36 | E59: =E57*C57 -> 5196.36 | F59: =F57*C57 -> 5196.36 | G59: =G57*C57 -> 5196.36 | H59: =H57*C57 -> 5196.36 | I59: =I57*C57 -> 5196.36 | J59: =J57*C57 -> 5196.36 | K59: =K57*C57 -> 5196.36 | L59: =L57*C57 -> 4041.62 | M59: =M57*C57 -> 4041.62 | N59: =N57*C57 -> 4041.62 | O59: =O57*C57 -> 4041.62
A60: 1.15 | B60: SPDA | C60: ='Orçamento PARA 2ª CONTRATAÇÃO'!H235 -> 81822.45 | D60: 0.09 | E60: 0.09 | F60: 0.09 | G60: 0.09 | H60: 0.08 | I60: 0.08 | J60: 0.08 | K60: 0.08 | L60: 0.08 | M60: 0.08 | N60: 0.08 | O60: 0.08 | P60: =C60/$C$72 -> 0.0155
D62: =D60*C60 -> 7364.02 | E62: =E60*C60 -> 7364.02 | F62: =F60*C60 -> 7364.02 | G62: =G60*C60 -> 7364.02 | H62: =H60*C60 -> 6545.8 | I62: =I60*C60 -> 6545.8 | J62: =J60*C60 -> 6545.8 | K62: =K60*C60 -> 6545.8 | L62: =L60*C60 -> 6545.8 | M62: =M60*C60 -> 6545.8 | N62: =N60*C60 -> 6545.8 | O62: =O60*C60 -> 6545.8
A63: 1.16 | B63: IMPERMEABILIZAÇÃO | C63: ='Orçamento PARA 2ª CONTRATAÇÃO'!H243 -> 85366 | D63: 0.09 | E63: 0.09 | F63: 0.09 | G63: 0.09 | H63: 0.08 | I63: 0.08 | J63: 0.08 | K63: 0.08 | L63: 0.08 | M63: 0.08 | N63: 0.08 | O63: 0.08 | P63: =C63/$C$72 -> 0.0162
D65: =D63*C63 -> 7682.94 | E65: =E63*C63 -> 7682.94 | F65: =F63*C63 -> 7682.94 | G65: =G63*C63 -> 7682.94 | H65: =H63*C63 -> 6829.28 | I65: =I63*C63 -> 6829.28 | J65: =J63*C63 -> 6829.28 | K65: =K63*C63 -> 6829.28 | L65: =L63*C63 -> 6829.28 | M65: =M63*C63 -> 6829.28 | N65: =N63*C63 -> 6829.28 | O65: =O63*C63 -> 6829.28
A66: 1.17 | B66: PREVENÇÃO E COMBATE A INCÊNDIO E PÂNICO | C66: ='Orçamento PARA 2ª CONTRATAÇÃO'!H253 -> 45904.9 | D66: 0.0875 | E66: 0.0875 | F66: 0.0825 | G66: 0.0825 | H66: 0.085 | I66: 0.085 | J66: 0.085 | K66: 0.085 | L66: 0.08 | M66: 0.08 | N66: 0.08 | O66: 0.08 | P66: =C66/$C$72 -> 0.0087
D68: =D66*C66 -> 4016.68 | E68: =E66*C66 -> 4016.68 | F68: =F66*C66 -> 3787.15 | G68: =G66*C66 -> 3787.15 | H68: =H66*C66 -> 3901.92 | I68: =I66*C66 -> 3901.92 | J68: =J66*C66 -> 3901.92 | K68: =K66*C66 -> 3901.92 | L68: =L66*C66 -> 3672.39 | M68: =M66*C66 -> 3672.39 | N68: =N66*C66 -> 3672.39 | O68: =O66*C66 -> 3672.39
A69: 1.18 | B69: URBANIZAÇÃO E SERVIÇOS COMPLEMENTARES | C69: ='Orçamento PARA 2ª CONTRATAÇÃO'!H265 -> 634198.15 | D69: 0.09 | E69: 0.09 | F69: 0.09 | G69: 0.09 | H69: 0.08 | I69: 0.08 | J69: 0.08 | K69: 0.08 | L69: 0.08 | M69: 0.08 | N69: 0.08 | O69: 0.08 | P69: =C69/$C$72 -> 0.1201
D71: =D69*C69 -> 57077.83 | E71: =E69*C69 -> 57077.83 | F71: =F69*C69 -> 57077.83 | G71: =G69*C69 -> 57077.83 | H71: =H69*C69 -> 50735.85 | I71: =I69*C69 -> 50735.85 | J71: =J69*C69 -> 50735.85 | K71: =K69*C69 -> 50735.85 | L71: =L69*C69 -> 50735.85 | M71: =M69*C69 -> 50735.85 | N71: =N69*C69 -> 50735.85 | O71: =O69*C69 -> 50735.85
A72: VALOR DO CRONOGRAMA R$ | C72: =SUM(C18:C71) -> 5282297.7 | D72: =D53+D50+D47+D44+D41+D38+D35+D32+D29+D26+D23+D20+D56+D59+D62+D65+D68+D71 -> 476718.51 | E72: =E53+E50+E47+E44+E41+E38+E35+E32+E29+E26+E23+E20+E56+E59+E62+E65+E68+E71 -> 480241.77 | F72: =F53+F50+F47+F44+F41+F38+F35+F32+F29+F26+F23+F20+F56+F59+F62+F65+F68+F71 -> 466087.77 | G72: =G53+G50+G47+G44+G41+G38+G35+G32+G29+G26+G23+G20+G56+G59+G62+G65+G68+G71 -> 504393.44 | H72: =H53+H50+H47+H44+H41+H38+H35+H32+H29+H26+H23+H20+H56+H59+H62+H65+H68+H71 -> 474963.93 | I72: =I53+I50+I47+I44+I41+I38+I35+I32+I29+I26+I23+I20+I56+I59+I62+I65+I68+I71 -> 435387.16 | J72: =J53+J50+J47+J44+J41+J38+J35+J32+J29+J26+J23+J20+J56+J59+J62+J65+J68+J71 -> 405016.91 | K72: =K53+K50+K47+K44+K41+K38+K35+K32+K29+K26+K23+K20+K56+K59+K62+K65+K68+K71 -> 412379.02 | ... O72: =O53+O50+O47+O44+O41+O38+O35+O32+O29+O26+O23+O20+O56+O59+O62+O65+O68+O71 -> 403498.99 | P72: =SUM(P18:P71) -> 1.0002
A73: PERCENTUAL MENSAL | C73: 1 | D73: =D72/$C$72 -> 0.0902 | E73: =E72/$C$72 -> 0.0909 | F73: =F72/$C$72 -> 0.0882 | G73: =G72/$C$72 -> 0.0955 | H73: =H72/$C$72 -> 0.0899 | I73: =I72/$C$72 -> 0.0824 | J73: =J72/$C$72 -> 0.0767 | K73: =K72/$C$72 -> 0.0781 | ... O73: =O72/$C$72 -> 0.0764

Sheet CPUs
A3: ESTADO DO PARÁ
A4: PREFEITURA MUNICIPAL DE TUCURUÍ
A5: SECRETARIA MUNICIPAL DE OBRAS, SERVIÇOS URBANOS E HABITAÇÃO
A7: ='Orçamento Sintético'!A9:G9 -> EVENTUAL E FUTURA CONTRATAÇÃO DE EMPRESA PARA EXECUÇÃO DE SERVIÇOS DE ENGENHARIA DE NATUREZA FREQUENTE, INCLUSO MATERIAL E MÃO-DE-OBRA, RELATIVOS À MANUTENÇÃO PREVENTIVA OU CORRETIVA, CONSERVAÇÃO E PEQUENOS REPAROS, EM PRÉDIOS E ESPAÇOS PÚBLICOS DO PODER EXECUTIVO DO MUNICÍPIO DE TUCURUÍ-PA - LOTE 01 ( SECRETARIA DE EDUCAÇÃO)
A9: Composições Analíticas com Preço Unitário
A10: Composições Principais
A11: 5.5 | B11: Descrição | C11: Und | D11: Quant. | E11: Valor Unit | F11: Total
A12: Composição | B12: FORNECIMENTO DE MATERIAIS E MÃO-DE-OBRA PARA EXECUÇÃO DE SERVIÇOS DE INSTALAÇÃO DE DIVISÓRIAS EM GRANITO VERDE UBATUBA, INCL. FERRAGENS DE FIXAÇÃO
B13: Mão de Obra
B14: MARMORISTA/GRANITEIRO COM ENCARGOS COMPLEMENTARES | C14: H | D14: 4.8 | E14: 19.41 | F14: =D14*E14 -> 93.17
B15: SERVENTE COM ENCARGOS COMPLEMENTARES | C15: H | D15: 2.3 | E15: 15.06 | F15: =D15*E15 -> 34.64
A16: Subtotal da Mão de Obra | F16: =SUM(F14:F15) -> 127.81
A17: Total Parcial (A) | F17: =SUM(F16:F16) -> 127.81
B18: Materiais e Serviços
B19: ARGAMASSA TRAÇO 1:4 (EM VOLUME DE CIMENTO E AREIA MÉDIA ÚMIDA), PREPARO MANUAL. AF_08/2019 | C19: m³ | D19: 0.0033 | E19: 530.88 | F19: =D19*E19 -> 1.75
B20: CIMENTO BRANCO | C20: KG | D20: 0.7 | E20: 5.16 | F20: =D20*E20 -> 3.61
B21: Divisória em Granito Verde Ubatuba | C21: m² | D21: 1 | E21: 420 | F21: =D21*E21 -> 420
A22: Total Parcial (B) | F22: =SUM(F19:F21) -> 425.36
A23: Total do Custo Unitário (A+B) | F23: =F22+F17 -> 553.17
A24: Total do Preço Unitário | F24: =F23 -> 553.17
A25: 5.8 | B25: Descrição | C25: Und | D25: Quant. | E25: Valor Unit | F25: Total
A26: Composição | B26: FORNECIMENTO DE MATERIAIS E MÃO-DE-OBRA PARA EXECUÇÃO DE SERVIÇOS DE INSTALAÇÃO DE DIVISÓRIA EM BLOCOS DE GESSO | C26: m²
B27: Mão de Obra
B28: PEDREIRO COM ENCARGOS COMPLEMENTARES | C28: H | D28: 0.15 | E28: 18.89 | F28: =D28*E28 -> 2.83
B29: AJUDANTE DE PEDREIRO COM ENCARGOS COMPLEMENTARES | C29: H | D29: 0.25 | E29: 15.11 | F29: =D29*E29 -> 3.78
A30: Subtotal da Mão de Obra | F30: =SUM(F28:F29) -> 6.61
A31: Total Parcial (A) | F31: =SUM(F30:F30) -> 6.61
B32: Materiais e Serviços
B33: GESSO EM PO PARA REVESTIMENTOS/MOLDURAS/SANCAS E USO GERAL | C33: KG | D33: 4 | E33: 0.34 | F33: =D33*E33 -> 1.36
B34: BLOCO DE GESSO VAZADO, BRANCO, E = *7* CM, DIMENSOES *67 X 50* CM | C34: un | D34: 4 | E34: 14.9 | F34: =D34*E34 -> 59.6
A35: Total Parcial (B) | F35: =SUM(F33:F34) -> 60.96
A36: Total do Custo Unitário (A+B) | F36: =F35+F31 -> 67.57
A37: Total do Preço Unitário | F37: =F36 -> 67.57
A38: 8.12 | B38: Descrição | C38: Und | D38: Quant. | E38: Valor Unit | F38: Total
A39: Composição | B39: FORNECIMENTO DE MATERIAIS E MÃO-DE-OBRA PARA EXECUÇÃO DE SERVIÇOS PARA GRADE DE FERRO EM METALOM (INCL. PINT.ANTI-CORROSIVA)
B40: Mão de Obra
A41: 88309 | B41: PEDREIRO COM ENCARGOS COMPLEMENTARES | C41: H | D41: 1 | E41: 18.89 | F41: =D41*E41 -> 18.89
A42: 88316 | B42: SERVENTE COM ENCARGOS COMPLEMENTARES | C42: H | D42: 1 | E42: 15.06 | F42: =D42*E42 -> 15.06
A43: Subtotal da Mão de Obra | F43: =SUM(F41:F42) -> 33.95
A44: Total Parcial (A) | F44: =SUM(F43:F43) -> 33.95
B45: Materiais e Serviços
A46: 110141 | B46: Argamassa de cimento e areia 1:4 | C46: m³ | D46: 0.03 | E46: 442.33 | F46: =D46*E46 -> 13.27
A47: 00004948 | B47: PORTAO DE ABRIR EM GRADIL DE METALON REDONDO DE 3/4" VERTICAL, COM REQUADRO, ACABAMENTO NATURAL - COMPLETO | C47: m² | D47: 1 | E47: 346.63 | F47: =D47*E47 -> 346.63
A48: Total Parcial (B) | F48: =SUM(F46:F47) -> 359.9
A49: Total do Custo Unitário (A+B) | F49: =F48+F44 -> 393.85
A50: Total do Preço Unitário | F50: =F49 -> 393.85
A51: 9.29 | B51: Descrição | C51: Und | D51: Quant. | E51: Valor Unit | F51: Total
A52: Composição | B52: Fornecimento e instalação de luminárias de LED 24 w
B53: Mão de Obra
A54: 88264 | B54: ELETRICISTA COM ENCARGOS COMPLEMENTARES | C54: H | D54: 0.5 | E54: 19.04 | F54: =D54*E54 -> 9.52
A55: 88247 | B55: AUXILIAR DE ELETRICISTA COM ENCARGOS COMPLEMENTARES | C55: H | D55: 0.5 | E55: 14.99 | F55: =D55*E55 -> 7.5
A56: Subtotal da Mão de Obra | F56: =SUM(F54:F55) -> 17.02
A57: Total Parcial (A) | F57: =SUM(F56:F56) -> 17.02
B58: Materiais e Serviços
A59: COTAÇÃO | B59: luminárias de LED 24 w - sobrepor | C59: un | D59: 1 | E59: 69.51 | F59: =D59*E59 -> 69.51
A60: Total Parcial (B) | F60: =SUM(F59) -> 69.51
A61: Total do Custo Unitário (A+B) | F61: =F60+F57 -> 86.53
A62: Total do Preço Unitário | F62: =F61 -> 86.53
A63: 9.30 | B63: Descrição | C63: Und | D63: Quant. | E63: Valor Unit | F63: Total
A64: Composição | B64: Fornecimento e instalação de luminárias de LED 18 w - sobrepor
B65: Mão de Obra
A66: 88264 | B66: ELETRICISTA COM ENCARGOS COMPLEMENTARES | C66: H | D66: 0.5 | E66: 19.04 | F66: =D66*E66 -> 9.52
A67: 88247 | B67: AUXILIAR DE ELETRICISTA COM ENCARGOS COMPLEMENTARES | C67: H | D67: 0.5 | E67: 14.99 | F67: =D67*E67 -> 7.5
A68: Subtotal da Mão de Obra | F68: =SUM(F66:F67) -> 17.02
A69: Total Parcial (A) | F69: =SUM(F68:F68) -> 17.02
B70: Materiais e Serviços
A71: COTAÇÃO | B71: minária de Led Downlight Slim Led 18 W 6500 K Bivolt | C71: un | D71: 1 | E71: 38.6 | F71: =D71*E71 -> 38.6
A72: Total Parcial (B) | F72: =SUM(F71) -> 38.6
A73: Total do Custo Unitário (A+B) | F73: =F72+F69 -> 55.62
A74: Total do Preço Unitário | F74: =F73 -> 55.62
A75: 11.5 | B75: Descrição | C75: Und | D75: Quant. | E75: Valor Unit | F75: Total
A76: Composição | B76: Fornecimento e instalação de moldura para os pilares do muro padrão PMT
B77: Mão de Obra
A78: 88309 | B78: PEDREIRO COM ENCARGOS COMPLEMENTARES | C78: H | D78: 1.2 | E78: 18.89 | F78: =D78*E78 -> 22.67
A79: 88316 | B79: SERVENTE COM ENCARGOS COMPLEMENTARES | C79: H | D79: 0.8 | E79: 15.06 | F79: =D79*E79 -> 12.05
A80: Subtotal da Mão de Obra | F80: =SUM(F78:F79) -> 34.72
A81: Total Parcial (A) | F81: =SUM(F80:F80) -> 34.72
B82: Materiais e Serviços
A83: 050259 | B83: Concreto c/ seixo Fck= 20 MPA (incl. preparo e langamento) | C83: m³ | D83: 0.02 | E83: 668.96 | F83: =D83*E83 -> 13.38
A84: 050035 | B84: Formas para concreto em chapa de madeira compensada resinada e=15mm (REAP 2x) | C84: m² | D84: 0.2 | E84: 56.79 | F84: =D84*E84 -> 11.36
A85: 96135 | B85: APLICAÇÃO MANUAL DE MASSA ACRÍLICA EM PAREDES EXTERNAS DE CASAS, DUAS DEMÃOS. AF_05/2017 | C85: m² | D85: 0.2 | E85: 18.3 | F85: =D85*E85 -> 3.66
A86: 88485 | B86: APLICAÇÃO DE FUNDO SELADOR ACRÍLICO EM PAREDES, UMA DEMÃO. AF_06/2014 | C86: m² | D86: 0.2 | E86: 1.86 | F86: =D86*E86 -> 0.37
A87: 88489 | B87: APLICAÇÃO MANUAL DE PINTURA COM TINTA LÁTEX ACRÍLICA EM PAREDES, DUAS DEMÃOS. AF_06/2014 | C87: m² | D87: 0.2 | E87: 13.12 | F87: =D87*E87 -> 2.62
A88: Total Parcial (B) | F88: =SUM(F83:F87) -> 31.39
A89: Total do Custo Unitário (A+B) | F89: =F88+F81 -> 66.11
A90: Total do Preço Unitário | F90: =F89 -> 66.11
A91: 12.3 | B91: Descrição | C91: Und | D91: Quant. | E91: Valor Unit | F91: Total
A92: Composição | B92: APLICAÇÃO MANUAL DE PINTURA COM TINTA LÁTEX ACRÍLICA EM PAREDES, NA COR OCEANO FABRICANTE CORAL OU SIMILAR
B93: Mão de Obra
A94: 88310 | B94: PINTOR COM ENCARGOS COMPLEMENTARES | C94: H | D94: 0.2 | E94: 19.89 | F94: =D94*E94 -> 3.98
A95: 88316 | B95: SERVENTE COM ENCARGOS COMPLEMENTARES | C95: H | D95: 0.08 | E95: 15.06 | F95: =D95*E95 -> 1.2
A96: Subtotal da Mão de Obra | F96: =SUM(F94:F95) -> 5.18
A97: Total Parcial (A) | F97: =SUM(F96:F96) -> 5.18
B98: Materiais e Serviços
A99: COTAÇÃO | B99: TINTA ACRÍLICA SUPER PREMIUM SEMIBRILHO NA COR OCEANO | C99: L | D99: 0.18 | E99: 67.72 | F99: =D99*E99 -> 12.19
A100: Total Parcial (B) | F100: =SUM(F99) -> 12.19
A101: Total do Custo Unitário (A+B) | F101: =F100+F97 -> 17.37
A102: Total do Preço Unitário | F102: =F101 -> 17.37
A103: 12.4 | B103: Descrição | C103: Und | D103: Quant. | E103: Valor Unit | F103: Total
A104: Composição | B104: APLICAÇÃO MANUAL DE PINTURA COM TINTA LÁTEX ACRÍLICA EM PAREDES, NA COR URBANO FABRICANTE CORAL OU SIMILAR
...
